 Dungeon Crawl Stone Soup version 0.27.1-1-g398f81649c (console) character file.

Game seed: 8580508188541685558

111 om the Purveyor of Pain (level 4, 0/24 HPs)
             Began as a Vampire Necromancer on Sept 13, 2021.
             Was an Initiate of Kikubaaqudgha.
             Slain by an ufetubus (2 damage)
             ... on level 3 of the Dungeon on Sept 15, 2021.
             The game lasted 00:08:16 (3039 turns).

om the Purveyor of Pain (Vampire Necromancer)       Turns: 3039, Time: 00:08:17

Health: 0/24       AC:  0    Str:  6 (8)  XL:     4   Next: 62%
Magic:  5/7        EV: 20    Int: 15 (17) God:    Kikubaaqudgha [......]
Gold:   98         SH:  0    Dex: 17 (19) Spells: 3/8 levels left

rFire    . . .     SeeInvis +   (weapon currently unavailable)
rCold    + + .     Faith    .   (shield currently unavailable)
rNeg     + + +     Spirit   .   (armour currently unavailable)
rPois    ∞         Reflect  .   (helmet currently unavailable)
rElec    .         Harm     .   (cloak currently unavailable)
rCorr    .         Rampage  .   (gloves currently unavailable)
Will     .....                  (boots currently unavailable)
Stlth    +++++.....             (no amulet)
HPRegen  0.00/turn              (ring currently unavailable)
MPRegen  0.10/turn              (ring currently unavailable)

@: bat-form, flying, bloodless, inhibited regen, very quick
A: fast, flying, no casting, bloodless, tiny, fangs 3, see invisible, vampiric 2
a: Revivify, End Transformation, Renounce Religion


You were on level 3 of the Dungeon.
You worshipped Kikubaaqudgha.
Kikubaaqudgha was noncommittal.
You were a vampire bat.
You visited 1 branch of the dungeon, and saw 3 of its levels.

You collected 98 gold pieces.

Inventory:

Hand Weapons
 b - a +0 rapier (melded)
Armour
 a - a +0 robe (melded)
Jewellery
 g - a ring of magical power (melded)
Potions
 d - 2 potions of curing
 h - a potion of might
 i - a potion of cancellation {unknown}


   Skills:
 + Level 2.8 Dodging
 - Level 4.0 Stealth
 + Level 2.5 Spellcasting
 + Level 5.8 Necromancy


You had 3 spell levels left.
You knew the following spells:

 Your Spells              Type           Power      Damage    Failure   Level
a - Pain                  Necr           76%        1d7       1%          1
b - Vampiric Draining     Necr           9%         2d7       6%          3
c - Animate Skeleton      Necr           38%        N/A       1%          1

Your spell library contained the following spells:

 Spells                   Type           Power      Damage    Failure   Level
 Animate Dead             Necr           9%         N/A       19%         4
 Agony                    Necr           19%        N/A       47%         5
 Borgnjor's Vile Clutch   Necr/Erth      5%         N/A       87%         5
 Airstrike                Air            0%         N/A       91%         4
 Summon Lightning Spire   Summ/Air       1%         N/A       91%         4
 Death Channel            Necr           9%         N/A       96%         6
 Lightning Bolt           Conj/Air       0%         1d11      99%         5


Dungeon Overview and Level Annotations

Branches:
Dungeon (3/15)

Altars:
Kikubaaqudgha
Makhleb

Annotations:
D:3 Grinder


Innate Abilities, Weirdness & Mutations

You are a vampire bat.
You are tiny and dextrous.
You move quickly.
You are flying.
You are immune to poison.
Your equipment is almost entirely melded.
You are incapable of wielding weapons or throwing items.
You cannot cast spells.
You do not regenerate when monsters are visible.
You are frail without blood (-20% HP).
You can heal yourself when you bite living creatures.
You have razor-sharp teeth.
You have supernaturally acute eyesight. (SInv)
You are afflicted with vampirism and can become a bat while bloodless.


Message History

The giant cockroach barely misses you.
Aiming: Pain (safe; 1% risk of failure)
Press: ? - help, Q - select action, (/) - cycle Shift-Dir - straight line, f - giant cockroach
Aim: a giant cockroach (almost dead, chance to affect: 91%)
The giant cockroach writhes in agony.
You kill the giant cockroach!
Kikubaaqudgha accepts your kill.
An ufetubus is nearby!
The ufetubus shouts!
The ufetubus closely misses you. The ufetubus hits you.
You hit the ufetubus.
The ufetubus is heavily wounded.
The ufetubus closely misses you. The ufetubus hits you.
You closely miss the ufetubus.
You bite the ufetubus, but do no damage.
The ufetubus is heavily wounded.
The ufetubus hits you. The ufetubus closely misses you. The ufetubus hits you.
The ufetubus barely misses you.
You closely miss the ufetubus.
The ufetubus is heavily wounded.
The ufetubus barely misses you. The ufetubus hits you.
The ufetubus barely misses you. The ufetubus misses you.
You closely miss the ufetubus.
The ufetubus is heavily wounded.
The ufetubus hits you.
* * * LOW HITPOINT WARNING * * *
The ufetubus hits you.
* * * LOW HITPOINT WARNING * * *
The ufetubus hits you.
* * * LOW HITPOINT WARNING * * *
The ufetubus misses you.
You closely miss the ufetubus.
The ufetubus is heavily wounded.
The ufetubus closely misses you. The ufetubus barely misses you.
The ufetubus closely misses you. x2
You fail to use your ability.
The ufetubus closely misses you. The ufetubus barely misses you.
You turn into a vampire bat.
Your +0 rapier melds into your body.
Your +0 robe melds into your body.
Your ring of magical power melds into your body.
You feel your magic capacity decrease.
You feel weakened.
You feel dopey.
You feel clumsy. The ufetubus hits you.
You die...
Kikubaaqudgha rasps: "You have failed me!
Welcome... oblivion!"

#############
#...........#####
#.##.)..........#
#.##.#..<#.####.#
### #.##.#.###.#
.#... #.##.#.# #.#
......##.##.#†# #.#
#.....5b....#.###.#
......####........#
#.... [.##..######
.... (.[#..# ...
(n.#..# # ..###
.K##..# #.#
.##.###K# ...# ....
#...'n# ###.#
.....##.###+ ##.
......#K#.# #
.......n..#


You could see an ufetubus.

Vanquished Creatures
  Natasha (D:3)
  4 adders (D:2)
  A worm (D:3)
  An orc (D:3)
  2 bats (D:1)
  4 endoplasms
  5 giant cockroaches
  2 goblins
  5 hobgoblins
  A kobold (D:2)
  4 quokkas
  4 ball pythons
  5 frilled lizards
  6 rats
45 creatures vanquished.

Notes
Turn   | Place    | Note
-------+----------+-------------------------------------------
     0 | D:1      | om the Vampire Necromancer began the quest for the Orb.
     0 | D:1      | Reached XP level 1. HP: 13/13 MP: 3/3
   260 | D:1      | Reached XP level 2. HP: 15/15 MP: 5/5
   282 | D:1      | Found a faded altar of an unknown god.
   502 | D:1      | You fall into a shaft and drop 1 floor!
   575 | D:2      | Reached skill level 5 in Necromancy
   710 | D:2      | Gained mutation: You are afflicted with vampirism and can
                  | become a bat while bloodless. [Vampire growth]
   710 | D:2      | Reached XP level 3. HP: 8/19 MP: 6/6
   758 | D:2      | Learned a level 3 spell: Vampiric Draining
   760 | D:2      | Learned a level 1 spell: Animate Skeleton
  1553 | D:2      | Found an ancient bone altar of Kikubaaqudgha.
  2427 | D:3      | Noticed Natasha
  2432 | D:3      | Killed Natasha
  2433 | D:3      | Reached XP level 4. HP: 24/24 MP: 7/7
  2502 | D:3      | Noticed Grinder
  2585 | D:3      | Found a burning altar of Makhleb.
  2698 | D:2      | Became a worshipper of Kikubaaqudgha
  2734 | D:3      | Noticed a necrophage
  3039 | D:3      | Slain by an ufetubus

Illustrated notes

Levels and vault maps discovered:
D:1:      ncdulo_halloftheorcs, layout_basic, chequers_ecumenical_altar_simple,
          grunt_decor_one_mirror
D:2:      minmay_evil_eye, layout_basic, basic_altar
D:3:      layout_basic, bloody_makhleb, minmay_joined_circles, uniq_natasha,
          uniq_grinder, uniq_jessica, uniq_ijyb

Skill      XL: |  1  2  3  4 |
---------------+-------------+-----
Necromancy     | 5 |  5.8
Stealth        | 4 |  4.0
Dodging        | |  2.8
Spellcasting   | |  2.5

Action                   |  1- 3 |  4- 6 || total
-------------------------+-------+-------++-------
Melee: Rapier            |    39 |    10 ||    49
       Bite              |     4 |     1 ||     5
 Cast: Pain              |    39 |    13 ||    52
       Vampiric Draining |     2 |     2 ||     4
 Abil: Exsanguinate      |     1 |       ||     1
       Bat Form          |       |     1 ||     1
  Use: Scroll            |     5 |     4 ||     9
       Potion            |     1 |       ||     1
 Stab: Sleeping          |    12 |     2 ||    14
Armor: Robe              |     4 |       ||     4
Dodge: Dodged            |    26 |    25 ||    51
